 Dungeon Crawl Stone Soup version 0.30-a0-824-g6c64550be9 (webtiles) character file.

Game seed: 13925370756085356263

98 Nacht the Sneak (level 4, -1/36 HPs)
             Began as a Naga Air Elementalist on Feb 28, 2023.
             Slain by Natasha (3 damage)
             ... on level 2 of the Dungeon.
             The game lasted 00:02:16 (2345 turns).

Nacht the Sneak (Naga Air Elementalist)             Turns: 2345, Time: 00:02:17

Health: -1/36      AC:  2    Str: 11    XL:     4   Next: 69%
Magic:  0/8        EV:  9    Int: 17    God:
Gold:   111        SH:  0    Dex: 11    Spells: 2/8 levels left

rFire   . . .      SeeInvis +    b - +2 short sword (flame)
rCold   . . .      Faith    .    (no shield)
rNeg    . . .      Spirit   .    a - +0 robe
rPois   +          Reflect  .    (no helmet)
rElec   .          Harm     .    (no cloak)
rCorr   .          Rampage  .    (no gloves)
Will    .....                    (no barding)
Stlth   ++                       (no amulet)
HPRegen 0.26/turn                (no ring)
MPRegen 0.11/turn                (no ring)

@: slowed, very slow
A: AC +1, large, see invisible, deformed body, poison resistance, slowness 2,
spit poison 1, naga tail 1
a: Spit Poison


You were on level 2 of the Dungeon.
You visited 1 branch of the dungeon, and saw 2 of its levels.

You collected 111 gold pieces.

Inventory:

Hand Weapons
 b - a +2 short sword of flaming (weapon)
Armour
 a - a +0 robe (worn)
Jewellery
 g - a ring of willpower
Scrolls
 c - 2 scrolls of enchant weapon {unknown}
 f - a scroll of fear {unknown}
 j - 3 scrolls of identify {unknown}
 l - a scroll of teleportation {unknown}
Potions
 d - a potion of magic
 e - a potion of degeneration {unknown}
 h - a potion of might {unknown}
 i - a potion of haste {unknown}
 k - a potion of heal wounds {unknown}
 m - a potion of cancellation {unknown}


   Skills:
 - Level 1.5 Dodging
 + Level 3.9 Stealth
 * Level 2.8 Spellcasting
 * Level 2.4 Conjurations
 * Level 3.7 Air Magic


You had 2 spell levels left.
You knew the following spells:

 Your Spells              Type           Power      Damage    Failure   Level
a - Shock                 Conj/Air       48%        1d6       4%          1
b - Static Discharge      Conj/Air       24%        2-3/arc   8%          2
s - Swiftness             Air            15%        N/A       12%         3

Your spell library contained the following spells:

 Spells                   Type           Power      Damage    Failure   Level
 Airstrike                Air            7%         2d(2-18)  36%         4
 Ozocubu's Armour         Ice            2%         N/A       47%         3
 Animate Dead             Necr           2%         N/A       87%         4
 Haunt                    Necr/Summ      1%         N/A       100%        7
 Ozocubu's Refrigeration  Ice            1%         4d7       100%        7
 Infestation              Necr           1%         N/A       100%        8


Dungeon Overview and Level Annotations

Branches:
Dungeon (2/15)

Altars:

Annotations:
D:2 1 runed translucent door, Crazy Yiuf, Natasha


Innate Abilities, Weirdness & Mutations

Your serpentine skin is tough. (AC +1)
You have supernaturally acute eyesight. (SInv)
Armour fits poorly on your strangely shaped body.
Your system is resistant to poisons. (rPois)
You cover ground very slowly.
You can spit poison.
You have a snake-like lower body.


Message History

You are struck by an arc of lightning.
The white imp is struck by an arc of lightning.
The white imp is severely wounded.
The lightning grounds out.
The white imp barely misses you.
Natasha hisses.
The white imp gestures at you. The puff of frost hits you.
Casting: Static Discharge (safe; 8% risk of failure)
Confirm with . or Enter, or press ? or * to list all spells.
The white imp is struck by an arc of lightning.
You kill the white imp!
The white imp disappears in a puff of smoke!
You are struck by an arc of lightning.
* * * LOW HITPOINT WARNING * * *
Natasha claws you.
* * * LOW HITPOINT WARNING * * *
Okay, then.
Casting: Static Discharge (safe; 8% risk of failure)
Confirm with . or Enter, or press ? or * to list all spells.
Natasha is struck by an arc of lightning.
Natasha is moderately wounded.
You are struck by an arc of lightning.
* * * LOW HITPOINT WARNING * * *
The lightning grounds out.
Natasha wildly gestures.
You feel troubled.
Natasha stares at you and mumbles some strange words.
You resist with some effort.
Casting: Static Discharge (safe; 8% risk of failure)
Confirm with . or Enter, or press ? or * to list all spells.
You don't have enough magic to cast this spell.
Casting: Static Discharge (safe; 8% risk of failure)
Confirm with . or Enter, or press ? or * to list all spells.
Aiming: Shock (safe; 4% risk of failure)
Press: ? - help, Shift-Dir - straight line, f/p - Natasha
Aim: Natasha (moderately wounded, 60% to hit)
The zap hits Natasha but does no damage.
Natasha is moderately wounded.
Natasha claws you.
You die...

##.....####........#
#(....# #........#
##########....# #........#
#.............# #h.......#
#.............####........#
#....)...........#.5......#
........(........#........#
........)........#........#
'###............@#........#
÷.≈##............h5.......#
....##...........#........#
.....##..........#........#
......##.........#........#
.......##........#..###.###
#.......##.......#....#.#
##......≈#####...#.##.#.#
##......# #.....##.#.#


You could see Natasha and a white imp (summoned).

Vanquished Creatures
  Natasha (twice) (D:2)
  An adder (D:2)
  A dart slug (D:2)
  A ball python (D:2)
  An endoplasm (D:1)
  2 giant cockroaches (D:2)
  A hobgoblin (D:1)
  5 quokkas
  6 bats
  2 frilled lizards
  6 goblins
  7 kobolds
  2 rats (D:1)
37 creatures vanquished.

Notes
Turn   | Place    | Note
-------+----------+-------------------------------------------
     0 | D:1      | Nacht the Naga Air Elementalist began the quest for the
                  | Orb.
     0 | D:1      | Reached XP level 1. HP: 15/15 MP: 3/3
   281 | D:1      | Reached XP level 2. HP: 16/22 MP: 0/5
   351 | D:1      | Learned a level 2 spell: Static Discharge
  1413 | D:2      | Reached XP level 3. HP: 22/28 MP: 1/6
  1491 | D:2      | Learned a level 3 spell: Swiftness
  1992 | D:2      | Found a runed translucent door.
  1993 | D:2      | Noticed Crazy Yiuf
  2094 | D:2      | Noticed Natasha
  2107 | D:2      | Killed Natasha
  2108 | D:2      | Reached XP level 4. HP: 19/36 MP: 0/8
  2239 | D:2      | Noticed Natasha
  2242 | D:2      | Killed Natasha
  2334 | D:2      | Noticed Natasha
  2344 | D:2      | HP: 1/36 [/static electricity (1)]
  2345 | D:2      | Slain by Natasha

Illustrated notes

Levels and vault maps discovered:
D:1:      lightli_iron_boxes, layout_basic, minmay_heptomino_d4
D:2:      layout_basic, kennysheep_donut, uniq_natasha, uniq_crazy_yiuf_cottage

Skill      XL: |  1  2  3 |
---------------+----------+-----
Conjurations   | 2 |  2.4
Dodging        | |  1.5
Stealth        | |  3.9
Spellcasting   | |  2.8
Air Magic      | |  3.7

Action                     |  1- 3 |  4- 6 || total
---------------------------+-------+-------++-------
  Melee: Short sword       |     6 |       ||     6
         Unarmed           |     2 |       ||     2
   Cast: Shock             |    69 |     6 ||    75
         Static Discharge  |     4 |     4 ||     8
Ability: Spit Poison       |     1 |       ||     1
    Use: Potion            |     2 |       ||     2
 Armour: Robe              |     5 |       ||     5
  Dodge: Dodged            |    14 |     1 ||    15

Table legend: (Time is in decaauts)
 A = Elapsed time spent in this place.
 B = Non-inter-level travel time spent in this place.
 C = Inter-level travel time spent in this place.
 D = Time resting spent in this place.
 E = Time spent auto-exploring this place.
 F = Levels seen in this place.
 G = Mean time per level.
                   A        B        C        D        E       F      G
               +--------+--------+--------+--------+--------+-----+--------+
         Total |   2911 |   2874 |     37 |      0 |   2622 |   2 | 1455.5 |
       Dungeon |   2911 |   2874 |     37 |      0 |   2622 |   2 | 1455.5 |
               +--------+--------+--------+--------+--------+-----+--------+

Top non-repeatable levels by time:
     D:1: 1750 daAuts
     D:2: 1161 daAuts
